Map: Acropolis LE

Players

Orajax - Winner!

  • Race: Zerg Zerg
  • Spawn Location: 11:00

VOD

Have the link to the VOD?

Description

Time

  • Played on: June 6, 2019, 9:12 p.m.
  • Length: 11:58
Show
View Real Time Build Order
Export as new Build Order

Orajax Zerg - Winner!

Build Orders:  

Get SALT Encoding   

  12  0:01  Drone  
  13  0:19  Overlord  
  13  0:25  Drone  
  14  0:44  Drone x2  
  16  0:55  Drone  
  17  1:03  Spawning Pool  
  17  1:08  Drone  
  17  1:20  Drone  
  17  1:22  Extractor  
  17  1:39  Drone  
  18  1:55  Drone  
  19  2:09  Queen  
  21  2:14  Hatchery  
  20  2:30  Drone  
  21  2:40  Roach Warren  
  21  2:42  Overlord  
  20  3:09  Drone  
  21  3:10  Queen  
  23  3:24  Overlord  
  23  3:41  Roach x2  
  23  3:42  Roach  
  29  3:50  Roach x2  
  29  3:52  Roach  
  29  3:59  Roach  
  37  4:18  Drone x2  
  39  4:33  Drone x2  
  41  5:01  Drone x3  
  41  5:04  Overlord  
  41  5:05  Overlord  
  44  5:19  Lair  
  44  5:27  Extractor  
  43  5:31  Drone x2, Extractor  
  43  5:32  Drone x3  
  43  5:35  Overlord  
  47  6:04  Drone x3  
  50  6:18  Queen  
  39  6:20  Drone x3  
  52  6:21  Drone  
  56  6:39  Evolution Chamber  
  55  6:42  Evolution Chamber  
  55  6:44  Drone x2  
  55  6:45  Drone  
  55  6:48  Glial Reconstitution  
  57  6:52  Pneumatized Carapace  
  57  6:53  Drone  
  57  6:54  Drone x3  
  61  7:26  Zerg Missile Weapons Level 1  
  61  7:27  Zerg Ground Armor Level 1  
  61  7:28  Roach  
  61  7:29  Roach x2  
  67  7:32  Overlord  
  67  7:33  Overlord x2  
  67  7:40  Hydralisk Den  
  66  7:58  Hatchery  
  65  8:22  Hydralisk x2  
  65  8:23  Hydralisk x4  
  77  8:52  Drone  
  77  8:53  Drone x8  
  86  9:17  Infestation Pit  
  85  9:29  Drone x3  
  88  9:30  Drone  
  88  9:38  Extractor  
  88  9:49  Roach  
  90  9:50  Roach x4  
  90  9:54  Overlord  
  90  9:55  Overlord x2  
  98  10:12  Unknown  
  98  10:50  Drone, Extractor  
  98  10:51  Drone x12  
  98  10:52  Extractor, Drone x2  
  111  11:14  Hatchery  
  110  11:22  Spine Crawler  
  110  11:25  Spore Crawler  
Tags
 
Add a new tag
Caveats
  • Supply blocks, unpowered buildings, or Contaminate may cause inaccurate times.
  • Supply counts are checked every 10 seconds.